| TOP OF THE 1ST |
|
Wisconsin Rapids Timber Rattlers batting - Pitching for Quincy Cubs : RHP Charles Hudson
|
|
Pitching: RHP Charles Hudson
|
|
|
Batting: RHB Tim Pyznarski
|
0-0: Called Strike 0-1: Foul Ball, location: 2F 0-2: SOLO HOME RUN (Flyball, 7D, EV 95.6 MPH), Distance : 374 ft
|
|
Batting: RHB Jim Presley
|
0-0: Foul Ball, location: 2F 0-1: Swinging Strike 0-2: Ball 1-2: Ball 2-2: Strikes out swinging
|
|
Batting: LHB Dion James
|
0-0: Ball 1-0: Ground out U3 (Groundball, 34, EV 105.6 MPH)
|
|
Batting: LHB Greg Smith
|
0-0: Ball 1-0: Fly out, F3 (Line Drive, 3, EV 75.0 MPH)
|
| Top of the 1st over - 1 run, 1 hit, 0 errors, 0 left on base; Wisconsin Rapids 1 - Quincy 0 |
| BOTTOM OF THE 1ST |
|
Quincy Cubs batting - Pitching for Wisconsin Rapids Timber Rattlers : LHP Jesus Sausedo
|
|
Pitching: LHP Jesus Sausedo
|
|
|
Batting: RHB Ricky Baker
|
0-0: Ground out 1-3 (Groundball, 13, EV 73.8 MPH)
|
|
Batting: RHB Jack Ayer
|
0-0: Ball 1-0: Called Strike 1-1: Foul Ball, location: 2F 1-2: Foul Ball, location: 2F 1-2: SINGLE (Groundball, 34D, EV 94.4 MPH)
|
|
Batting: SHB Willie Perez
|
0-0: Ball Jack Ayer steals 2nd base (no throw) 1-0: Ball 2-0: Called Strike 2-1: Ball 3-1: Called Strike 3-2: Foul Ball, location: 2F 3-2: Base on Balls
|
|
Batting: RHB Garry Keeton
|
0-0: Ball 1-0: Fielders Choice at 2nd, 6-4 (Groundball, 6S, EV 87.5 MPH) Jack Ayer to third
|
|
Batting: RHB Wes Clements
|
0-0: Called Strike 0-1: Ball 1-1: Ball 2-1: Swinging Strike 2-2: Foul Ball, location: 2F 2-2: Ball 3-2: Foul Ball, location: 2F 3-2: Strikes out looking
|
| Bottom of the 1st over - 0 runs, 1 hit, 0 errors, 2 left on base; Wisconsin Rapids 1 - Quincy 0 |
| TOP OF THE 2ND |
|
Wisconsin Rapids Timber Rattlers batting - Pitching for Quincy Cubs : RHP Charles Hudson
|
|
Batting: LHB Jeff Kenaga
|
0-0: Called Strike 0-1: Foul Ball, location: 2F 0-2: Ball 1-2: Foul Ball, location: 2F 1-2: DOUBLE (Line Drive, 7LS, EV 99.4 MPH)
|
|
Batting: LHB Matt Hall
|
0-0: Ball 1-0: SINGLE (Groundball, 3S, EV 65.0 MPH) (infield hit) Jeff Kenaga to third
|
|
Batting: RHB Darryl Motley
|
0-0: Swinging Strike 0-1: Called Strike 0-2: Reached on error, E6 (Groundball, 6M, EV 110.0 MPH) Jeff Kenaga scores Matt Hall to second
|
|
Batting: RHB Al Pedrique
|
0-0: Ball 1-0: Fly out, F8 (Flyball, 89D, EV 92.5 MPH) Runner from 2nd tags up, SAFE at 3rd, no throw by CF
|
|
Batting: RHB Phil Lombardi
|
0-0: Called Strike 0-1: Ball 1-1: Swinging Strike 1-2: Ground out 6-3 (Groundball, P, EV 84.4 MPH) Matt Hall scores Darryl Motley to second
|
|
Batting: RHB Tim Pyznarski
|
0-0: Ball 1-0: Called Strike 1-1: Called Strike 1-2: Ball 2-2: Foul Ball, location: 2F 2-2: Strikes out looking
|
| Top of the 2nd over - 2 runs, 2 hits, 1 error, 1 left on base; Wisconsin Rapids 3 - Quincy 0 |
| BOTTOM OF THE 2ND |
|
Quincy Cubs batting - Pitching for Wisconsin Rapids Timber Rattlers : LHP Jesus Sausedo
|
|
Batting: RHB Alex Juarez
|
0-0: Ball 1-0: Ball 2-0: Ball 3-0: Base on Balls
|
|
Batting: RHB Samuel Bass
|
0-0: Foul Ball, location: 2F 0-1: Ball 1-1: Called Strike 1-2: Fly out, F7 (Flyball, 7LM, EV 85.0 MPH)
|
|
Batting: RHB Richard Palmer
|
0-0: Called Strike 0-1: Foul Ball, location: 2F 0-2: SINGLE (Line Drive, 89S, EV 94.4 MPH) Alex Juarez to second Runner from 2nd tries for 3rd, SAFE, no throw by CF
|
|
Pinch Runner at 3rd Charles Curry:
|
|
|
Batting: RHB Jerry Fry
|
0-0: Ball 1-0: Ball 2-0: SINGLE (Groundball, 4MD, EV 96.9 MPH) Charles Curry scores Richard Palmer to second
|
|
Batting: RHB Ricky Baker
|
0-0: Grounds into double play, 6-4-3 (Groundball, 6, EV 105.6 MPH)
|
| Bottom of the 2nd over - 1 run, 2 hits, 0 errors, 1 left on base; Wisconsin Rapids 3 - Quincy 1 |
| TOP OF THE 3RD |
|
Wisconsin Rapids Timber Rattlers batting - Pitching for Quincy Cubs : RHP Charles Hudson
|
|
Now at SS: Selwyn Young
|
|
|
Batting: RHB Jim Presley
|
0-0: Called Strike 0-1: Ball 1-1: Ball 2-1: Ball 3-1: Ground out 6-3 (Groundball, 6M, EV 101.9 MPH)
|
|
Batting: LHB Dion James
|
0-0: Called Strike 0-1: Called Strike 0-2: Ball 1-2: TRIPLE (Flyball, 89XD, EV 102.5 MPH)
|
|
Batting: LHB Greg Smith
|
0-0: Ball 1-0: Ground out 6-3 (Groundball, 6, EV 100.0 MPH) Dion James scores
|
|
Batting: LHB Jeff Kenaga
|
0-0: Ball 1-0: Fly out, F6 (Flyball, 56D, EV 85.6 MPH)
|
| Top of the 3rd over - 1 run, 1 hit, 0 errors, 0 left on base; Wisconsin Rapids 4 - Quincy 1 |
| BOTTOM OF THE 3RD |
|
Quincy Cubs batting - Pitching for Wisconsin Rapids Timber Rattlers : LHP Jesus Sausedo
|
|
Batting: RHB Jack Ayer
|
0-0: Ball 1-0: Foul Ball, location: 2F 1-1: Ball 2-1: Ball 3-1: Base on Balls
|
|
Batting: SHB Willie Perez
|
0-0: Foul Ball, location: 2F 0-1: Foul Ball, location: 2F 0-2: Ball 1-2: DOUBLE (Line Drive, 89M, EV 96.3 MPH) Jack Ayer to third Runner from 3rd tries for Home, SAFE, throw by CF to trailing runner, SAFE at third!
|
|
Batting: RHB Garry Keeton
|
0-0: Ball 1-0: Fly out, F8 (Line Drive, 8LM, EV 106.3 MPH) Runner from 3rd tags up, OUT at HOME! 8-2
|
|
Batting: RHB Wes Clements
|
0-0: Ground out 5-3 (Groundball, 5S, EV 91.9 MPH)
|
| Bottom of the 3rd over - 1 run, 1 hit, 0 errors, 0 left on base; Wisconsin Rapids 4 - Quincy 2 |
| TOP OF THE 4TH |
|
Wisconsin Rapids Timber Rattlers batting - Pitching for Quincy Cubs : RHP Charles Hudson
|
|
Batting: LHB Matt Hall
|
0-0: Ball 1-0: Called Strike 1-1: Foul Ball, location: 2F 1-2: Foul Ball, location: 2F 1-2: Ball 2-2: Fly out, F9 (Flyball, 89D, EV 88.8 MPH)
|
|
Batting: RHB Darryl Motley
|
0-0: Called Strike 0-1: Ball 1-1: Foul Ball, location: 2F 1-2: Ball 2-2: Ball 3-2: Strikes out swinging
|
|
Batting: RHB Al Pedrique
|
0-0: Foul Ball, location: 2F 0-1: Ball 1-1: SINGLE (Line Drive, 8LS, EV 87.5 MPH)
|
|
Batting: RHB Phil Lombardi
|
0-0: Ball 1-0: Called Strike 1-1: Ball 2-1: Fly out, F8 (Flyball, 89D, EV 89.4 MPH)
|
| Top of the 4th over - 0 runs, 1 hit, 0 errors, 1 left on base; Wisconsin Rapids 4 - Quincy 2 |
| BOTTOM OF THE 4TH |
|
Quincy Cubs batting - Pitching for Wisconsin Rapids Timber Rattlers : LHP Jesus Sausedo
|
|
Batting: SHB Selwyn Young
|
0-0: Ball 1-0: Fly out, F9 (Flyball, 89M, EV 94.4 MPH)
|
|
Batting: RHB Samuel Bass
|
0-0: Ball 1-0: Ground out 4-3 (Groundball, 4, EV 110.6 MPH)
|
|
Batting: RHB Richard Palmer
|
0-0: Called Strike 0-1: Fly out, F9 (Flyball, 89M, EV 88.1 MPH)
|
| Bottom of the 4th over - 0 runs, 0 hits, 0 errors, 0 left on base; Wisconsin Rapids 4 - Quincy 2 |
| TOP OF THE 5TH |
|
Wisconsin Rapids Timber Rattlers batting - Pitching for Quincy Cubs : RHP Charles Hudson
|
|
Batting: RHB Tim Pyznarski
|
0-0: Swinging Strike 0-1: Ball 1-1: Ground out 6-3 (Groundball, 6, EV 84.4 MPH)
|
|
Batting: RHB Jim Presley
|
0-0: Ball 1-0: Fly out, F9 (Flyball, 9S, EV 77.5 MPH)
|
|
Batting: LHB Dion James
|
0-0: SINGLE (Line Drive, 4MD, EV 100.0 MPH)
|
|
Batting: LHB Greg Smith
|
0-0: Foul Ball, location: 2F 0-1: Ball 1-1: Ball 2-1: Foul Ball, location: 2F 2-2: Foul Ball, location: 2F 2-2: Ground out 4-3 (Groundball, 4, EV 101.9 MPH)
|
| Top of the 5th over - 0 runs, 1 hit, 0 errors, 1 left on base; Wisconsin Rapids 4 - Quincy 2 |
| BOTTOM OF THE 5TH |
|
Quincy Cubs batting - Pitching for Wisconsin Rapids Timber Rattlers : LHP Jesus Sausedo
|
|
Batting: RHB Jerry Fry
|
0-0: Ball 1-0: Ground out 5-3 (Groundball, 5L, EV 86.9 MPH)
|
|
Batting: RHB Ricky Baker
|
0-0: Called Strike 0-1: Swinging Strike 0-2: Fly out, F9 (Flyball, 9LS, EV 90.0 MPH)
|
|
Batting: RHB Jack Ayer
|
0-0: Foul Ball, location: 2F 0-1: Swinging Strike 0-2: Fly out, F9 (Flyball, 9, EV 87.5 MPH)
|
| Bottom of the 5th over - 0 runs, 0 hits, 0 errors, 0 left on base; Wisconsin Rapids 4 - Quincy 2 |
| TOP OF THE 6TH |
|
Wisconsin Rapids Timber Rattlers batting - Pitching for Quincy Cubs : RHP Charles Hudson
|
|
Batting: LHB Jeff Kenaga
|
0-0: Swinging Strike 0-1: Ball 1-1: Foul Ball, location: 2F 1-2: Foul Ball, location: 2F 1-2: Fly out, F5 (Line Drive, 5, EV 67.5 MPH)
|
|
Batting: LHB Matt Hall
|
0-0: Foul Ball, location: 2F 0-1: Ball 1-1: Swinging Strike 1-2: Ground out U3 (Groundball, 3, EV 86.3 MPH)
|
|
Batting: RHB Darryl Motley
|
0-0: Ball 1-0: Ball 2-0: Ball 3-0: Called Strike 3-1: Called Strike 3-2: Strikes out looking
|
| Top of the 6th over - 0 runs, 0 hits, 0 errors, 0 left on base; Wisconsin Rapids 4 - Quincy 2 |
| BOTTOM OF THE 6TH |
|
Quincy Cubs batting - Pitching for Wisconsin Rapids Timber Rattlers : LHP Jesus Sausedo
|
|
Batting: SHB Willie Perez
|
0-0: Ball 1-0: Ball 2-0: Called Strike 2-1: Ball 3-1: Called Strike 3-2: Foul Ball, location: 2F 3-2: Reached on error, E6 (Groundball, 6, EV 92.5 MPH)
|
|
Batting: RHB Garry Keeton
|
0-0: Ball 1-0: Fly out, F8 (Flyball, 89XD, EV 103.8 MPH)
|
|
Batting: RHB Wes Clements
|
0-0: Grounds into double play, 5-4-3 (Groundball, 56, EV 105.0 MPH)
|
| Bottom of the 6th over - 0 runs, 0 hits, 1 error, 0 left on base; Wisconsin Rapids 4 - Quincy 2 |
| TOP OF THE 7TH |
|
Wisconsin Rapids Timber Rattlers batting - Pitching for Quincy Cubs : RHP Charles Hudson
|
|
Batting: RHB Al Pedrique
|
0-0: Ball 1-0: Swinging Strike 1-1: Ball 2-1: Foul Ball, location: 2F 2-2: Ball 3-2: TRIPLE (Flyball, 7LD, EV 91.9 MPH)
|
|
Batting: RHB Phil Lombardi
|
0-0: Fly out, F8 (Flyball, 8RD, EV 101.3 MPH) Runner from 3rd tags up, SCORES, throw by CF
|
|
Batting: RHB Tim Pyznarski
|
0-0: Called Strike 0-1: Called Strike 0-2: Ball 1-2: Ball 2-2: Foul Ball, location: 2F 2-2: Foul Ball, location: 2F 2-2: Ball 3-2: SINGLE (Flyball, 3D, EV 94.4 MPH)
|
|
Batting: RHB Jim Presley
|
0-0: Ball 1-0: Called Strike 1-1: Foul Ball, location: 2F 1-2: Strikes out swinging
|
|
Batting: LHB Dion James
|
0-0: Ball 1-0: Called Strike 1-1: Called Strike 1-2: Foul Ball, location: 2F 1-2: Foul Ball, location: 2F 1-2: Foul Ball, location: 2F 1-2: Foul Ball, location: 2F 1-2: Fielders Choice at 2nd, 6-4 (Groundball, 56, EV 84.4 MPH)
|
| Top of the 7th over - 1 run, 2 hits, 0 errors, 1 left on base; Wisconsin Rapids 5 - Quincy 2 |
| BOTTOM OF THE 7TH |
|
Quincy Cubs batting - Pitching for Wisconsin Rapids Timber Rattlers : LHP Jesus Sausedo
|
|
Batting: SHB Selwyn Young
|
0-0: Called Strike 0-1: Called Strike 0-2: Foul Ball, location: 2F 0-2: Ball 1-2: Strikes out looking
|
|
Batting: RHB Samuel Bass
|
0-0: Ball 1-0: Called Strike 1-1: Foul Ball, location: 2F 1-2: Foul Ball, location: 2F 1-2: Fly out, F7 (Flyball, 7LM, EV 81.3 MPH)
|
|
Batting: RHB Richard Palmer
|
0-0: Foul Ball, location: 2F 0-1: Ball 1-1: Ball 2-1: Swinging Strike 2-2: TRIPLE (Line Drive, 78XD, EV 108.8 MPH)
|
|
Batting: RHB Jerry Fry
|
0-0: DOUBLE (Line Drive, 7LD, EV 108.8 MPH) Richard Palmer scores
|
|
Batting: RHB Ricky Baker
|
0-0: Called Strike 0-1: Hit by Pitch
|
|
Batting: RHB Jack Ayer
|
0-0: Ball 1-0: Called Strike 1-1: Ball 2-1: Ball 3-1: Foul Ball, location: 2F 3-2: Foul Ball, location: 2F 3-2: Base on Balls Jerry Fry to third Ricky Baker to second
|
|
Batting: SHB Willie Perez
|
0-0: Swinging Strike 0-1: Ball 1-1: Ball 2-1: Fielders Choice at 2nd, 6-4 (Groundball, 6, EV 91.3 MPH)
|
| Bottom of the 7th over - 1 run, 2 hits, 0 errors, 3 left on base; Wisconsin Rapids 5 - Quincy 3 |
| TOP OF THE 8TH |
|
Wisconsin Rapids Timber Rattlers batting - Pitching for Quincy Cubs : RHP Charles Hudson
|
|
Batting: LHB Greg Smith
|
0-0: Fly out, F7 (Line Drive, 7, EV 106.3 MPH)
|
|
Batting: LHB Jeff Kenaga
|
0-0: Fly out, F8 (Line Drive, 8RM, EV 89.4 MPH)
|
|
Batting: LHB Matt Hall
|
0-0: Ball 1-0: Ball 2-0: Ball 3-0: Base on Balls
|
|
Batting: RHB Darryl Motley
|
0-0: Called Strike Matt Hall steals 2nd base 0-1: Ball Passed Ball! Matt Hall to third 1-1: Called Strike 1-2: Foul Ball, location: 2F 1-2: Foul Ball, location: 2F 1-2: Ground out 5-3 (Groundball, 56, EV 88.8 MPH)
|
| Top of the 8th over - 0 runs, 0 hits, 0 errors, 1 left on base; Wisconsin Rapids 5 - Quincy 3 |
| BOTTOM OF THE 8TH |
|
Quincy Cubs batting - Pitching for Wisconsin Rapids Timber Rattlers : LHP Jesus Sausedo
|
|
Pitching: RHP Mark Williamson
|
|
|
Batting: RHB Garry Keeton
|
0-0: Called Strike 0-1: Ball 1-1: Foul Ball, location: 2F 1-2: Ball 2-2: Fly out, F4 (Popup, 34, EV 60.6 MPH)
|
|
Batting: RHB Wes Clements
|
0-0: Ball 1-0: Ball 2-0: SINGLE (Line Drive, 56, EV 98.8 MPH)
|
|
Batting: SHB Selwyn Young
|
0-0: Foul Ball, location: 2F 0-1: Foul Ball, location: 2F 0-2: Ball 1-2: SINGLE (Groundball, 4MD, EV 105.0 MPH) Wes Clements to second Runner from 2nd tries for 3rd, SAFE, throw by CF made to third
|
|
Pinch Hitting: LHB Dennis Mork
|
0-0: Ball 1-0: Called Strike 1-1: Foul Ball, location: 2F 1-2: Ball 2-2: Ball 3-2: Base on Balls Selwyn Young to second
|
|
Batting: RHB Richard Palmer
|
0-0: Ball 1-0: Foul Ball, location: 2F 1-1: Foul Ball, location: 2F 1-2: Ball 2-2: Ball 3-2: Base on Balls Wes Clements scores Selwyn Young to third Dennis Mork to second
|
|
Batting: RHB Jerry Fry
|
0-0: SINGLE (Line Drive, 34D, EV 97.5 MPH) Selwyn Young scores Dennis Mork to third Richard Palmer to second
|
|
Batting: RHB Ricky Baker
|
0-0: Called Strike 0-1: Called Strike 0-2: Ball 1-2: Grounds into double play, 5-2-3 (Groundball, 56S, EV 89.4 MPH)
|
| Bottom of the 8th over - 2 runs, 3 hits, 0 errors, 2 left on base; Wisconsin Rapids 5 - Quincy 5 |
| TOP OF THE 9TH |
|
Wisconsin Rapids Timber Rattlers batting - Pitching for Quincy Cubs : RHP Charles Hudson
|
|
Pitching: RHP Philip Teston
|
|
|
Now in CF: Dennis Mork
|
|
|
Batting: RHB Al Pedrique
|
0-0: Ball 1-0: Called Strike 1-1: Ball 2-1: Foul Ball, location: 2F 2-2: DOUBLE (Flyball, 89D, EV 98.1 MPH)
|
|
Batting: RHB Phil Lombardi
|
0-0: Ball 1-0: Ball 2-0: Ball 3-0: Base on Balls
|
|
Batting: RHB Tim Pyznarski
|
0-0: Ball 1-0: Bunted foul 1-1: Ball 2-1: Sac Bunt to 13 - play at first, batter OUT! 1-4 Al Pedrique to third Phil Lombardi to second
|
|
Batting: RHB Jim Presley
|
0-0: Ball 1-0: Ball 2-0: Called Strike 2-1: Foul Ball, location: 2F 2-2: Ball 3-2: Foul Ball, location: 2F 3-2: Base on Balls
|
|
Batting: LHB Dion James
|
0-0: Ball 1-0: Ball 2-0: Ball 3-0: DOUBLE (Groundball, 5L, EV 100.6 MPH) Al Pedrique scores Phil Lombardi scores Jim Presley to third
|
|
Batting: LHB Greg Smith
|
0-0: SINGLE (Line Drive, 89S, EV 88.1 MPH) Jim Presley scores Dion James to third Runner from 3rd tries for Home, throw by RF and OUT! 9-2 Greg Smith to second
|
|
Batting: LHB Jeff Kenaga
|
0-0: Called Strike 0-1: Ball 1-1: SINGLE (Line Drive, 9S, EV 105.6 MPH) Greg Smith to third Runner from 3rd tries for Home, throw by RF and OUT! 9-2
|
| Top of the 9th over - 3 runs, 4 hits, 0 errors, 1 left on base; Wisconsin Rapids 8 - Quincy 5 |
| BOTTOM OF THE 9TH |
|
Quincy Cubs batting - Pitching for Wisconsin Rapids Timber Rattlers : RHP Mark Williamson
|
|
Batting: RHB Jack Ayer
|
0-0: Fly out, F3 (Popup, 3F, EV 83.8 MPH)
|
|
Batting: SHB Willie Perez
|
0-0: Ball 1-0: Ball 2-0: Called Strike 2-1: Swinging Strike 2-2: Foul Ball, location: 2F 2-2: Foul Ball, location: 2F 2-2: Strikes out looking
|
|
Batting: RHB Garry Keeton
|
0-0: Ball 1-0: Called Strike 1-1: Ball 2-1: Fly out, F7 (Flyball, 78D, EV 75.6 MPH)
|
| Bottom of the 9th over - 0 runs, 0 hits, 0 errors, 0 left on base; Wisconsin Rapids 8 - Quincy 5 |
|